Map: Triton LE

Players

GogojOey - Winner!

  • Race: Zerg Zerg
  • Spawn Location: 5:00

Knuf

  • Race: Protoss Protoss
  • League: Master
  • Spawn Location: 11:00

Event: NationWars 2019

VOD

Have the link to the VOD?

Description

Time

  • Played on: Sept. 30, 2019, 1:10 p.m.
  • Length: 11:57

All games in this series

Show
View Real Time Build Order
Export as new Build Order

GogojOey Zerg - Winner!

Build Orders: Hatch First 

Get SALT Encoding   

  12  0:00  Drone  
  13  0:12  Overlord  
  13  0:16  Drone  
  14  0:31  Drone x2  
  16  0:48  Hatchery  
  15  0:51  Drone  
  15  0:54  Drone  
  17  0:57  Drone  
  18  1:08  Extractor  
  17  1:13  Spawning Pool  
  17  1:17  Drone  
  17  1:20  Drone  
  18  1:28  Drone  
  19  1:48  Drone, Hatchery  
  19  1:53  Drone  
  20  2:02  Queen  
  20  2:05  Drone  
  24  2:08  Drone  
  24  2:13  Drone  
  25  2:18  Overlord  
  25  2:26  Queen  
  25  2:28  Drone  
  28  2:38  Queen  
  28  2:40  Zergling x2  
  28  2:41  Zergling x2  
  32  2:44  Drone  
  32  2:47  Metabolic Boost  
  32  2:50  Drone  
  34  2:52  Drone  
  34  2:56  Drone  
  36  3:05  Drone x3  
  39  3:10  Queen  
  41  3:15  Overlord  
  41  3:16  Drone  
  41  3:19  Overlord  
  42  3:31  Spore Crawler  
  42  3:32  Spore Crawler, Drone x2  
  42  3:34  Overlord  
  42  3:35  Drone x2  
  42  3:39  Drone x2  
  46  3:43  Drone  
  48  3:48  Drone x3  
  50  3:56  Lair  
  50  4:01  Drone x3  
  50  4:02  Spore Crawler, Drone  
  53  4:04  Zergling x4  
  55  4:12  Drone x2  
  55  4:14  Roach Warren  
  55  4:16  Extractor  
  55  4:17  Zergling x6, Extractor  
  57  4:19  Drone x2  
  57  4:21  Drone  
  60  4:25  Overlord  
  60  4:26  Drone x2  
  61  4:34  Overlord x2  
  61  4:44  Zergling x4  
  61  4:45  Zergling x8  
  66  4:51  Overlord  
  66  4:54  Overseer  
  66  4:58  Roach x6  
  75  5:05  Roach x3  
  78  5:11  Overseer  
  78  5:12  Drone x2  
  78  5:13  Drone  
  81  5:16  Drone, Extractor  
  81  5:21  Overlord  
  81  5:22  Overlord  
  81  5:24  Drone x2  
  81  5:26  Roach x2  
  87  5:33  Roach x2  
  89  5:40  Overlord  
  84  5:45  Roach x2  
  84  5:46  Roach x3  
  87  5:53  Roach x5  
  87  5:55  Drone x2  
  98  6:02  Drone x3  
  99  6:06  Drone x3, Extractor  
  99  6:07  Glial Reconstitution  
  100  6:14  Drone x2  
  100  6:18  Roach x2  
  106  6:20  Extractor, Overlord  
  106  6:24  Roach x2  
  110  6:32  Drone  
  110  6:33  Drone  
  110  6:35  Evolution Chamber  
  110  6:36  Roach x2  
  110  6:38  Overlord  
  110  6:39  Overlord x2  
  114  6:41  Roach  
  116  6:48  Spire  
  116  6:51  Drone  
  116  6:54  Drone x2  
  118  6:55  Roach  
  118  6:56  Roach  
  122  7:10  Overseer  
  122  7:19  Drone, Zerg Missile Weapons Level 1  
  122  7:21  Drone x3  
  126  7:24  Drone x3  
  129  7:31  Overlord  
  129  7:32  Overlord  
  129  7:41  Hatchery  
  128  7:47  Zergling x4  
  130  7:55  Drone x2  
  132  7:59  Spine Crawler  
  132  8:01  Spine Crawler, Mutalisk x11  
  132  8:03  Roach  
  132  8:04  Overlord  
  132  8:05  Overlord  
  152  8:13  Overlord  
  152  8:14  Overlord  
  152  8:15  Pneumatized Carapace  
  152  8:18  Overlord  
  151  8:34  Roach x11  
  151  8:36  Ravager x2  
  151  8:37  Hatchery  
  174  8:42  Roach x3  
  174  8:43  Roach  
  174  8:45  Overlord  
  182  8:52  Overlord  
  182  8:54  Roach  
  184  8:56  Roach  
  184  9:02  Roach  
  188  9:06  Roach x5  
  188  9:09  Roach  
  200  9:23  Overseer  
  179  9:34  Roach x7  
  179  9:35  Roach x3  
  193  9:42  Roach  
  193  9:43  Roach x4  
  195  9:50  Roach x5  
  195  9:54  Queen  
  195  9:58  Roach  
  165  10:07  Roach x6  
  165  10:13  Roach x3  
  171  10:21  Roach  
  161  10:25  Roach x8  
  167  10:33  Roach x4  
  167  10:38  Roach x3  
  167  10:39  Roach  
  167  10:41  Roach x4  
  169  10:47  Overseer, Roach x2  
  158  10:51  Roach  
  158  10:53  Roach x2  
  158  10:54  Roach x2  
  160  11:00  Roach x3  
  160  11:04  Zergling x2, Roach x2  
  169  11:05  Ravager x2  
  169  11:09  Zergling x4, Roach x2  
  169  11:10  Zergling x2  
Show
View Real Time Build Order
Export as new Build Order

Knuf Protoss 

Build Orders: 1 Gate Expand, Archon Immortal, Archon Drop, Dark Templar Rush 

Get SALT Encoding   

  12  0:01  Probe  
  13  0:13  Probe  
  14  0:21  Pylon  
  14  0:25  Probe  
  15  0:39  Probe (Chrono Boost)  
  16  0:45  Gateway  
  16  0:48  Probe (Chrono Boost)  
  17  0:50  Assimilator  
  17  0:53  Probe (Chrono Boost)  
  18  1:05  Probe  
  19  1:17  Probe  
  20  1:25  Nexus  
  20  1:35  Cybernetics Core  
  20  1:38  Probe  
  21  1:45  Assimilator  
  21  1:50  Probe  
  21  1:53  Pylon  
  22  2:02  Probe  
  23  2:09  Adept (Chrono Boost)  
  23  2:10  Probe  
  26  2:16  Twilight Council  
  26  2:18  Probe  
  27  2:25  Warp Gate  
  27  2:30  Probe (Chrono Boost)  
  27  2:32  Stalker  
  30  2:38  Probe (Chrono Boost)  
  32  2:46  Probe (Chrono Boost)  
  32  2:47  Probe (Chrono Boost)  
  33  2:52  Probe (Chrono Boost)  
  33  2:53  Probe  
  33  2:58  Robotics Facility  
  35  3:04  Probe  
  35  3:05  Probe  
  37  3:16  Probe  
  37  3:17  Probe  
  39  3:21  Dark Shrine  
  39  3:23  Gateway  
  39  3:28  Probe  
  39  3:29  Probe  
  41  3:35  Gateway  
  41  3:38  Gateway  
  41  3:40  Probe  
  42  3:42  Warp Prism (Chrono Boost)  
  44  3:50  Pylon  
  44  3:51  Probe  
  44  3:52  Probe  
  46  3:55  Assimilator  
  46  4:00  Assimilator  
  46  4:08  Probe x2  
  48  4:12  Pylon  
  48  4:20  Probe x2  
  48  4:21  Zealot x2  
  56  4:42  Dark Templar x3  
  56  4:45  Dark Templar  
  62  4:48  Nexus  
  62  4:51  Pylon  
  62  5:06  Probe x2  
  62  5:10  Pylon  
  62  5:13  Shield Battery  
  62  5:14  Forge  
  62  5:16  Dark Templar x3  
  62  5:18  Archon  
  62  5:20  Archon  
  68  5:21  Archon  
  68  5:23  Probe x2  
  68  5:27  Immortal (Chrono Boost)  
  72  5:35  Charge  
  72  5:39  Adept  
  63  5:51  Zealot  
  63  5:52  Zealot  
  63  5:53  Zealot  
  63  5:56  Protoss Ground Weapons Level 1, Warp Prism (Chrono Boost)  
  69  6:05  Probe x3  
  72  6:12  Sentry x2  
  72  6:17  Probe x2  
  78  6:22  Probe, Immortal (Chrono Boost)  
  83  6:27  Sentry  
  83  6:28  Zealot  
  83  6:29  Probe x2  
  83  6:31  Phoenix x2  
  89  6:34  Probe, Gateway  
  89  6:36  Gateway  
  90  6:41  Probe x2  
  90  6:46  Probe  
  93  6:49  Pylon  
  93  6:51  Pylon  
  93  6:52  Pylon  
  93  6:53  Assimilator  
  93  6:57  Assimilator  
  93  7:04  Gateway x2  
  93  7:08  Gateway  
  93  7:10  Gateway  
  97  7:16  Observer (Chrono Boost)  
  97  7:19  Probe x3  
  97  7:23  Robotics Facility  
  97  7:25  Assimilator  
  97  7:31  Zealot x4  
  97  7:32  Dark Templar  
  107  7:38  Probe x3  
  107  7:42  Immortal (Chrono Boost)  
  114  7:52  Sentry  
  114  7:53  Templar Archives  
  114  7:56  Pylon  
  114  7:58  Pylon  
  116  8:00  Pylon  
  116  8:06  Blink (Chrono Boost)  
  116  8:12  Immortal (Chrono Boost)  
  114  8:16  Immortal (Chrono Boost)  
  114  8:19  Protoss Ground Weapons Level 2 (Chrono Boost)  
  122  8:30  Shield Battery  
  122  8:31  Photon Cannon  
  122  8:33  Shield Battery  
  114  8:35  Photon Cannon  
  114  8:38  Pylon  
  114  8:40  Photon Cannon  
  114  8:43  Photon Cannon, Dark Templar x2  
  114  8:44  Warp Prism (Chrono Boost)  
  114  8:47  Dark Templar x2  
  114  8:48  Archon  
  124  8:51  Stalker x2  
  124  8:52  Archon  
  128  8:56  Probe x2  
  125  9:05  Probe  
  125  9:08  Probe x2  
  126  9:16  Pylon  
  126  9:17  Probe  
  126  9:20  Probe x2  
  117  9:29  Probe  
  112  9:32  Sentry x2  
  112  9:33  Zealot x5  
  112  9:34  Zealot x3  
  131  9:43  Probe x3  
  131  9:44  Immortal  
  126  9:48  Pylon  
  126  9:51  Pylon  
  104  9:56  Zealot  
  104  9:57  Zealot x3  
  104  9:58  Sentry  
  104  9:59  Sentry  
  106  10:01  Sentry  
  106  10:05  Sentry  
  98  10:18  Stalker x4  
  88  10:26  Immortal (Chrono Boost)  
  78  10:33  High Templar x2  
  77  10:36  Zealot  
  77  10:37  Zealot x2  
  72  10:46  High Templar x2  
  60  10:50  Archon  
  49  11:01  Zealot  
  49  11:02  Zealot  
  49  11:05  Zealot x3  
  51  11:15  Zealot x2  
Tags
 
Add a new tag
Caveats
  • Supply blocks, unpowered buildings, or Contaminate may cause inaccurate times.
  • Supply counts are checked every 10 seconds.